 Dungeon Crawl Stone Soup version 0.27.1 (webtiles) character file.

Game seed: 8893020885526710985

6141 voltaire321 the Ruffian (level 10, -8/98 HPs)
             Began as a Troll Monk on Aug 30, 2021.
             Was a Believer of Wu Jian.
             Mangled by an eight-headed hydra (9 damage)
             ... on level 9 of the Dungeon.
             The game lasted 00:26:46 (6821 turns).

voltaire321 the Ruffian (Troll Monk)                Turns: 6821, Time: 00:26:47

Health: -8/98      AC: 10    Str: 21    XL:     10   Next: 59%
Magic:  9/9        EV: 11    Int:  6    God:    Wu Jian [**....]
Gold:   467        SH: 17    Dex: 21    Spells: 9/9 levels left

rFire    . . .     SeeInvis .     - Unarmed
rCold    . . .     Faith    .   j - +2 kite shield
rNeg     . . .     Spirit   .   l - +0 swamp dragon scales
rPois    +         Reflect  +   (helmet restricted)
rElec    .         Harm     .   (no cloak)
rCorr    .         Rampage  .   (gloves unavailable)
Will     .....                  (boots unavailable)
Stlth    +.........             n - amulet of reflection
HPRegen  1.26/turn              u - +6 ring of dexterity
MPRegen  0.11/turn              (no ring)

@: about to teleport, marked, slowed, very slow
A: large, unfitting armour, claws 3, regeneration 1, shaggy fur 1, tough skin 1
a: Renounce Religion, Wall Jump


You were on level 9 of the Dungeon.
You worshipped Wu Jian.
Wu Jian was pleased with you.
You visited 2 branches of the dungeon, and saw 10 of its levels.
You also visited: Sewer.

You collected 467 gold pieces.

Inventory:

Missiles
 m - 39 poisoned darts (quivered)
 A - a curare-tipped dart
Armour
 j - a +2 kite shield (worn)
 l - +0 swamp dragon scales (worn)
 y - +0 acid dragon scales
Jewellery
 n - an amulet of reflection (around neck)
 s - a ring of magical power
 u - a +6 ring of dexterity (left claw)
 x - a ring of poison resistance
Wands
 d - a wand of iceblast (6)
 e - a wand of flame (19)
 v - a wand of acid (6)
Scrolls
 h - a scroll of teleportation
 o - 3 scrolls of magic mapping
Potions
 b - 5 potions of flight
 c - 5 potions of heal wounds
 f - 2 potions of attraction {unknown}
 g - 2 potions of resistance {unknown}
 i - a potion of curing
 t - a potion of invisibility
 w - a potion of lignification {unknown}
 z - a potion of brilliance
 B - a potion of cancellation


   Skills:
 + Level 6.1 Fighting
 + Level 5.2 Throwing
 + Level 5.5 Armour
 + Level 6.1 Dodging
 - Level 1.0 Stealth
 + Level 5.2 Shields
 + Level 7.3 Unarmed Combat


You had 9 spell levels left.
You didn't know any spells.
Your spell library contained the following spells:

 Spells                   Type           Power      Damage    Failure   Level
 Animate Skeleton         Necr           0%         N/A       87%         1
 Pain                     Necr           0%         1d4       87%         1
 Frozen Ramparts          Ice            0%         1d2       99%         3
 Vampiric Draining        Necr           0%         2d6       99%         3
 Ice Form                 Ice/Tmut       0%         N/A       100%        4
 Summon Ice Beast         Ice/Summ       0%         N/A       100%        4


Dungeon Overview and Level Annotations

Branches:
Dungeon (9/15)             Temple (1/1) D:5           Sewer (visited)
   Lair: D:8-11         Orc: D:9-12

Altars:
Ashenzari
Cheibriados
Dithmenos
Elyvilon
Fedhas
Gozag
Hepliaklqana
Kikubaaqudgha
Makhleb
Nemelex Xobeh
Okawaru
Qazlal
Ru
Sif Muna
Trog
Uskayaw
Vehumet
Wu Jian
Xom
Yredelemnul
Zin
The Shining One

Shops:
D:3 [


Innate Abilities, Weirdness & Mutations

You are too large for most types of armour.
You have claws for hands.
Your natural rate of healing is unusually fast.
You are covered in fur. (AC +1)
You have tough skin. (AC +1)


Message History

You block the eight-headed hydra's attack. x3
The eight-headed hydra bites you! x3
You block the eight-headed hydra's attack.
The eight-headed hydra bites you but does no damage.
You block the eight-headed hydra's attack.
The eight-headed hydra bites you. The eight-headed hydra bites you!
You block the eight-headed hydra's attack.
The eight-headed hydra closely misses you.
The eight-headed hydra bites you but does no damage.
An orc comes into view. It is wielding a +0 hand axe.
An orc comes into view. It is wielding a +0 club.
The eight-headed hydra bites you but does no damage.
The eight-headed hydra bites you!
The eight-headed hydra bites you but does no damage.
The eight-headed hydra bites you.
* * * LOW HITPOINT WARNING * * *
The eight-headed hydra barely misses you. x2
You block the eight-headed hydra's attack.
The eight-headed hydra bites you.
* * * LOW HITPOINT WARNING * * *
An orc warrior comes into view. It is wielding a +0 mace.
An orc comes into view. It is wielding a +0 war axe.
As you read the scroll of teleportation, it crumbles to dust.
You feel strangely unstable.
An orc comes into view. It is wielding a +0 whip.
You block the eight-headed hydra's attack. x2
The eight-headed hydra bites you!
* * * LOW HITPOINT WARNING * * *
The eight-headed hydra barely misses you.
The eight-headed hydra bites you but does no damage.
The eight-headed hydra closely misses you.
The eight-headed hydra bites you.
* * * LOW HITPOINT WARNING * * *
The eight-headed hydra bites you!
* * * LOW HITPOINT WARNING * * *
The orc wizard closely misses you. The eight-headed hydra bites you.
* * * LOW HITPOINT WARNING * * *
The eight-headed hydra bites you but does no damage.
The eight-headed hydra bites you!
You die...

+....o....#
#........o#
##..#####.#
#.o##..o.#
#.oW'..o.#
#...#oo..#
+...#oW..#
#...#D...#
#####@o..#
...........#
...........#
...........#
...........#
...........#
.....####..#
..D.......#.....#
...........#.....#


You could see an eight-headed hydra, a wraith, an orc warrior, an orc wizard and
5 orcs.

Vanquished Creatures
  Harold (D:9)
  A two-headed ogre (D:7)
  The ghost of osoart the Frost Mage, a novice MfIE of Qazlal (D:8)
  The ghost of pkoi the Grappler, a novice TrMo of the Shining One (D:6)
  Maggie (D:7)
  Prince Ribbit (D:7)
  A wyvern (D:4)
  5 yaks (D:5)
  2 acid dragons (D:8)
  2 water moccasins
  2 orc warriors
  An ice beast (D:6)
  An ogre (D:4)
  A centaur (D:9)
  A phantom (D:7)
  2 kobold brigands
  A bullfrog (D:7)
  2 scorpions
  A water moccasin zombie (D:3)
  A water moccasin skeleton (D:6)
  4 hounds
  2 jellies
  3 bullfrog zombies
  A centaur zombie (D:7)
  6 quasits (D:6)
  4 orc priests
  A bullfrog skeleton (D:6)
  3 iguanas
  2 orc wizards
  A scorpion zombie (D:5)
  A killer bee zombie (D:7)
  A hound skeleton (D:4)
  6 adders
  7 gnolls
  A river rat (Sewer)
  2 shadow imps (D:7)
  2 white imps
  An ufetubus (D:5)
  4 adder skeletons
  4 worms
  2 dart slugs
  23 orcs
  5 ball pythons
  8 bats
  2 endoplasms (D:2)
  A giant cockroach (D:5)
  4 hobgoblins
  5 jackals
  7 quokkas
  4 frilled lizards
  4 goblins
  19 kobolds
  6 rats
175 creatures vanquished.

Notes
Turn   | Place    | Note
-------+----------+-------------------------------------------
     0 | D:1      | voltaire321 the Troll Monk began the quest for the Orb.
     0 | D:1      | Reached XP level 1. HP: 22/22 MP: 0/0
   103 | D:1      | Reached XP level 2. HP: 27/29 MP: 1/1
   483 | D:1      | Reached XP level 3. HP: 34/36 MP: 2/2
   487 | D:1      | Reached skill level 1 in Armour
   808 | D:2      | Found a faded altar of an unknown god.
   907 | D:2      | Reached XP level 4. HP: 16/44 MP: 3/3
  1118 | D:2      | Found a hide-covered altar of Uskayaw.
  1602 | D:3      | Reached skill level 1 in Shields
  1602 | D:3      | Reached XP level 5. HP: 48/53 MP: 4/4
  1897 | D:3      | Found Guba's Antique Armour Emporium.
  1901 | D:3      | Reached skill level 4 in Unarmed Combat
  2171 | D:4      | Identified the +3 hunting sling "Beedanid" {vorpal, rC+
                  | MP+9 Dex+3}
  2175 | D:4      | You fall into a shaft and drop 3 floors!
  2203 | D:7      | Reached XP level 6. HP: 61/61 MP: 5/5
  2219 | D:7      | Found a shimmering altar of Xom.
  2306 | D:6      | Noticed a water moccasin
  2321 | D:6      | Killed a water moccasin
  2341 | D:6      | Found a transporter.
  2348 | D:6      | Noticed an orc warrior
  2384 | D:7      | Killed an orc warrior
  2385 | D:7      | Reached skill level 1 in Throwing
  2410 | D:6      | Reached XP level 7. HP: 65/68 MP: 6/6
  2432 | D:5      | Entered Level 5 of the Dungeon
  2444 | D:5      | Noticed a yak
  2444 | D:5      | Noticed a yak
  2444 | D:5      | Noticed a yak
  2479 | D:5      | Killed a yak
  2518 | D:5      | Found a glowing drain.
  2526 | Sewer    | Entered a sewer
  2631 | Sewer    | Found a white marble altar of Elyvilon.
  2945 | D:4      | Noticed a wyvern
  2958 | D:4      | Killed a wyvern
  2959 | D:4      | Reached skill level 5 in Unarmed Combat
  2959 | D:4      | Reached XP level 8. HP: 33/78 MP: 7/7
  3931 | D:5      | Reached XP level 9. HP: 86/87 MP: 8/8
  4147 | D:5      | Found a staircase to the Ecumenical Temple.
  4156 | Temple   | Entered the Ecumenical Temple
  4381 | Temple   | Became a worshipper of the Wu Jian Council
  4381 | Temple   | Reached * piety under Wu Jian
  4381 | Temple   | Reached ** piety under Wu Jian
  4539 | D:6      | Reached skill level 5 in Fighting
  4684 | D:6      | Found a transporter.
  4694 | D:6      | Noticed pkoi's ghost (novice TrMo)
  4741 | D:6      | Reached skill level 6 in Unarmed Combat
  4747 | D:6      | Reached skill level 5 in Dodging
  4802 | D:6      | Killed pkoi's ghost
  5427 | D:7      | Noticed Prince Ribbit
  5443 | D:7      | Killed Prince Ribbit
  5479 | D:7      | Noticed Maggie
  5501 | D:7      | Killed Maggie
  5664 | D:7      | Found a basalt altar of Yredelemnul.
  5877 | D:8      | Noticed a two-headed ogre
  5894 | D:7      | Killed a two-headed ogre
  5895 | D:7      | Reached skill level 5 in Armour
  5895 | D:7      | Reached XP level 10. HP: 22/98 MP: 9/9
  6067 | D:8      | Found a runed translucent door.
  6072 | D:8      | Noticed osoart's ghost (novice MfIE)
  6089 | D:8      | Killed osoart's ghost
  6090 | D:8      | Reached skill level 5 in Throwing
  6090 | D:8      | Reached skill level 5 in Shields
  6090 | D:8      | Reached skill level 7 in Unarmed Combat
  6646 | D:9      | Identified the +9 dagger "No More Talking" {vorpal, Int+6}
  6678 | D:9      | Noticed a seven-headed hydra
  6773 | D:9      | Noticed Harold
  6791 | D:9      | Killed Harold
  6821 | D:9      | HP: 1/98 [eight-headed hydra (4)]
  6821 | D:9      | Mangled by an eight-headed hydra

Illustrated notes

Levels and vault maps discovered:
D:1:      tarquinn_simple_flora_water_b, layout_loops_ring, hex_medium
D:2:      layout_loops_ring, basic_altar, chequers_ecumenical_altar_island
D:3:      layout_loops_cross, serial_shops, shop, chequers_serial_rivers_micro_a
D:4:      layout_loops_corners, minmay_misc_feat_pillars
D:5:      layout_cave_pools, minmay_temple_entry_enclosed_plants,
          gup_sewer_entry_bubbles
D:6:      layout_basic, gammafunk_ghost_stat_death
D:7:      layout_basic, mainiacjoe_overflow_24_doors, xom_butterflies,
          solitary_fountain, uniq_prince_ribbit1, uniq_maggie
D:8:      layout_cave_pools, ebering_ghost_reflecting_pool
D:9:      minmay_the_grid_triangle_9x9_rhombus_full
          [minmay_the_grid_triangle_9x9_thin_v,
          minmay_the_grid_triangle_9x9_zippers_vertical,
          minmay_the_grid_triangle_9x9_checkered,
          minmay_the_grid_triangle_9x9_minimal,
          minmay_the_grid_triangle_9x9_windchime,
          minmay_the_grid_triangle_9x9_skeleton,
          minmay_the_grid_triangle_9x9_wacky_v,
          minmay_the_grid_triangle_9x9_prize_center], layout_gridville,
          uniq_pikel, uniq_erolcha, uniq_harold
Temple:   regret_index_temple_chain_breaker

Skill      XL: |  1  2  3  4  5  6  7  8  9 10 |
---------------+-------------------------------+-----
Armour         | 1 2 3 5 |  5.5
Fighting       | 3 4 5 6 |  6.1
Dodging        | 3 4 5 6 |  6.1
Shields        | 1 2 3 4 5 |  5.2
Unarmed Combat | 4 5 6 7 |  7.3
Throwing       | 1 2 3 4 5 |  5.2
Stealth        | |  1.0

Action                   |  1- 3 |  4- 6 |  7- 9 | 10-12 || total
-------------------------+-------+-------+-------+-------++-------
Melee: Unarmed           |    74 |   168 |   388 |    83 ||   713
Throw: Dart              |       |       |     6 |       ||     6
Invok: Whirlwind         |       |       |     6 |     3 ||     9
       Lunge             |       |       |     2 |     1 ||     3
  Use: Scroll            |       |     5 |     1 |     9 ||    15
       Potion            |       |       |     1 |     1 ||     2
 Stab: Sleeping          |     2 |     3 |     1 |       ||     6
Armor: Robe              |    28 |     5 |       |       ||    33
       Swamp dragon scal |       |    40 |   162 |    14 ||   216
Dodge: Dodged            |    36 |    35 |   129 |    25 ||   225
Block: Kite shield       |    21 |    93 |   304 |    78 ||   496
       Reflection        |       |       |     4 |     4 ||     8
